 Dungeon Crawl Stone Soup version 0.29.1-12-g30fa7ad0bf (webtiles) character file.

Game seed: 15045284281981790731

357487 112233 the Acrobat (level 21, -2/105 (106) HPs)
             Began as a Felid Air Elementalist on Dec 24, 2022.
             Was the Champion of Jiyva.
             Slain by a sun demon (9 damage)
             ... led by a balrug
             ... on level 6 of the Abyss.
             The game lasted 01:48:52 (68244 turns).

112233 the Acrobat (Felid Air Elementalist)        Turns: 68244, Time: 01:48:53

HP:   -2/105 (106)  AC: 20    Str:  4      XL:     21   Next: 7%
MP:   16/43         EV: 44    Int: 38      God:    Jiyva [******]
Gold: 1905          SH:  0    Dex: 16 (18) Spells: 3/54 levels left
                                        Lives: 0   Deaths: 5

rFire   + . .      SeeInvis +     - Unarmed
rCold   . . .      Faith    .   (shield unavailable)
rNeg    + . .      Spirit   .   (body armour unavailable)
rPois   ∞          Reflect  .   (helmet unavailable)
rElec   +          Harm     .   (cloak unavailable)
rCorr   +          Rampage  .   (gloves unavailable)
Will    +++++                   (boots unavailable)
Stlth   +++.......              R - amulet of Jueq {Acrobat rN+ Stlth+}
HPRegen 1.87/turn               I - +6 ring of intelligence
MPRegen 0.78/turn               O - ring of Ethics {rF+ Will++ Int+6}

@: storm-form, flying, hasted, lightly drained, very quick
A: cleaving, insubstantial, flying, very small, (claws 1), (fangs 3), see
invisible, (speed 1), (shaggy fur 3), (stealthy paws), no weapons or thrown
items, no armour, multi-lived, (horns 2), (iridescent scales 2), deterioration
1, strong-willed 1, (eyeballs 3), (translucent skin 1), (tendrils)
}: 3/15 runes: decaying, slimy, gossamer
a: Blinkbolt, End Transformation, Renounce Religion, Oozemancy, Slimify


You were on level 6 of the Abyss.
You worshipped Jiyva.
Jiyva was exalted by your worship.
You were a lightning-filled tempest!
You visited 10 branches of the dungeon, and saw 50 of its levels.
You visited the Abyss 1 time.
You also visited: Wizlab and Desolation.

You collected 4395 gold pieces.
You spent 2490 gold pieces at shops.

Inventory:

Jewellery
 h - a ring of magical power
 n - an amulet of regeneration
 r - a ring of wizardry
 y - the ring "Gaeneata" {Ice Contam Dex+9}
   (You took it off Josephina on level 2 of the Depths)

   [ring of ice]

   It enhances your ice magic.
   Dex:       It affects your dexterity (+9).
   rF:        It makes you vulnerable to fire.
   rC:        It protects you from cold.
   Contam:    It causes magical contamination when unequipped.
 C - the ring "Fut Loo" {Fly rElec SInv}
   (You found it in a wizard's laboratory)

   [ring of flight]

   rElec:     It insulates you from electricity.
   SInv:      It lets you see invisible.
   Fly:       It grants you flight.
 D - the ring "Vurr" {rPois Will+ rCorr}
   (You found it on level 10 of the Dungeon)

   [ring of poison resistance]

   rPois:     It protects you from poison.
   rCorr:     It protects you from acid and corrosion.
   Will:      It increases your willpower.
 I - a +6 ring of intelligence (left paw)
 O - the ring of Ethics (right paw) {rF+ Will++ Int+6}
   (You found it on level 5 of the Pits of Slime)

   [ring of intelligence]

   Int:       It affects your intelligence (+6).
   rF:        It protects you from fire.
   Will:      It greatly increases your willpower.
 P - the ring "Tiatikoi" {rN+ AC+4 Str+3}
   (You found it in the Desolation of Salt)

   [ring of protection]

   AC:        It affects your AC (+4).
   Str:       It affects your strength (+3).
   rN:        It protects you from negative energy.
 Q - the ring of Fuadaeth {Drain rPois Dex+8}
   (You found it in the Desolation of Salt)

   [ring of poison resistance]

   Dex:       It affects your dexterity (+8).
   rPois:     It protects you from poison.
   Drain:     It drains your maximum health when unequipped.
 R - the amulet of Jueq (around neck) {Acrobat rN+ Stlth+}
   (You took it off an imperial myrmidon in the Desolation of Salt)

   [amulet of the acrobat]

   It increases your evasion while moving and waiting.
   rN:        It protects you from negative energy.
   Stlth:     It makes you more stealthy.
Wands
 s - a wand of mindburst (12)
 u - a wand of polymorph (21)
 v - a wand of flame (53)
 G - a wand of roots (15)
 U - a wand of acid (9)
Scrolls
 b - 4 scrolls of enchant armour
 e - 2 scrolls of fog
 g - 2 scrolls of torment
 i - 6 scrolls of enchant weapon
 l - 8 scrolls of immolation
 p - 3 scrolls of fear
 q - 4 scrolls of vulnerability
 t - 3 scrolls of silence
 w - 8 scrolls of noise
 x - 6 scrolls of poison
 B - 18 scrolls of identify
 M - 3 scrolls of teleportation
 S - 3 scrolls of amnesia
 T - a scroll of summoning
 W - a scroll of magic mapping
Potions
 a - 9 potions of magic
 f - a potion of brilliance {unknown}
 j - 6 potions of haste
 k - 18 potions of curing
 m - 2 potions of resistance
 o - 4 potions of flight
 z - 6 potions of might
 E - a potion of cancellation
 F - 2 potions of invisibility
 H - 3 potions of lignification {unknown}
 N - 5 potions of ambrosia
 V - a potion of berserk rage
Miscellaneous
 d - a condenser vane
 J - a phial of floods
 L - a box of beasts
 X - a phantom mirror


   Skills:
 + Level 18.6 Fighting
 + Level 23.7 Dodging
 - Level 3.0 Stealth
 + Level 16.4 Unarmed Combat
 + Level 17.1 Spellcasting
 - Level 1.1 Conjurations
 - Level 18.1 Translocations
 - Level 17.0 Transmutations
 * Level 18.1 Air Magic


You had 3 spell levels left.
You knew the following spells:

 Your Spells              Type           Power      Damage    Failure   Level
a - Summon Lightning Spi  Summ/Air       79%        N/A       1%          4
b - Storm Form            Tmut/Air       52%        N/A       1%          7
c - Manifold Assault      Tloc           100%       N/A       0%          5
d - Swiftness             Air            100%       N/A       0%          3
e - Blink                 Tloc           100%       N/A       0%          2
f - Static Discharge      Conj/Air       81%        3-14/arc  1%          2
g - Chain Lightning       Conj/Air       40%        3d54      100%        9
h - Statue Form           Tmut/Erth      52%        N/A       4%          6
i - Airstrike             Air            53%        2d(8-24)  0%          4
j - Maxwell's Capacitive  Air            53%        ∞         3%          8
k - Apportation           Tloc           100%       N/A       0%          1

Your spell library contained the following spells:

 Spells                   Type           Power      Damage    Failure   Level
 Beastly Appendage        Tmut           100%       N/A       0%          1
 Gell's Gravitas          Tloc           100%       N/A       0%          3
 Lesser Beckoning         Tloc           100%       N/A       0%          3
 Teleport Other           Tloc           100%       N/A       0%          3
 Necrotise                Necr           100%       1d9       1%          1
 Sandblast                Erth           64%        2d14      1%          1
 Shock                    Conj/Air       100%       1d9       1%          1
 Summon Small Mammal      Summ           100%       N/A       1%          1
 Ensorcelled Hibernation  Hex/Ice        64%        N/A       1%          2
 Poisonous Vapours        Pois/Air       100%       N/A       1%          2
 Ignite Poison            Fire/Tmut/Pois 66%        N/A       1%          3
 Mephitic Cloud           Conj/Pois/Air  69%        N/A       1%          3
 Spider Form              Tmut/Pois      78%        N/A       1%          3
 Conjure Flame            Conj/Fire      36%        6-21      2%          3
 Dazzling Flash           Conj/Hex       72%        N/A       2%          3
 Ozocubu's Armour         Ice            32%        N/A       3%          3
 Tukima's Dance           Hex            32%        N/A       3%          3
 Vampiric Draining        Necr           32%        2d8       3%          3
 Passage of Golubria      Tloc           100%       N/A       0%          4
 Corpse Rot               Necr/Pois/Air  68%        N/A       1%          4
 Iskenderun's Mystic Bla  Conj/Tloc      82%        2d16      1%          4
 Freezing Cloud           Conj/Ice/Air   34%        6-21      1%          5
 Lightning Bolt           Conj/Air       40%        1d59      1%          5
 Yara's Violent Unravell  Hex/Tmut       39%        3d16      1%          5
 Dragon Form              Tmut           52%        N/A       1%          7
 Sticky Flame             Conj/Fire      36%        2d6       8%          4
 Anguish                  Hex/Necr       16%        N/A       10%         4
 Dispel Undead            Necr           32%        3d14      10%         4
 Leda's Liquefaction      Hex/Erth       16%        N/A       10%         4
 Olgreb's Toxic Radiance  Pois           32%        N/A       10%         4
 Agony                    Necr           32%        N/A       26%         5
 Lee's Rapid Deconstruct  Erth           16%        3d11*     26%         5
 Metabolic Englaciation   Hex/Ice        16%        N/A       26%         5
 Starburst                Conj/Fire      18%        6d7       75%         6
 Simulacrum               Ice/Necr       16%        N/A       83%         6
 Portal Projectile        Hex/Tloc       Unusable   N/A       N/A         3

Dungeon Overview and Level Annotations

Branches:
Dungeon (15/15)            Temple (1/1) D:7            Lair (5/5) D:9
  Swamp (4/4) Lair:2       Spider (4/4) Lair:2        Slime (5/5) Lair:4
    Orc (2/2) D:9             Elf (0/3) Orc:2        Vaults (5/5) D:14
  Crypt (0/3) Vaults:3     Depths (4/4) D:15            Zot (5/5) Depths:4
 WizLab (visited)         Desolation (visited)

Altars:
Ashenzari
Cheibriados
Dithmenos
Elyvilon
Fedhas
Gozag
Hepliaklqana
Makhleb
Nemelex Xobeh
Okawaru
Qazlal
Ru
Sif Muna
Trog
Uskayaw
Vehumet
Wu Jian
Xom
Yredelemnul
Zin
The Shining One
Jiyva

Shops:
D:14 (:   Orc:2 (****   Vaults:1 ![(   Depths:3 !!   Depths:4 ?

Portals:
Hell: Depths:2 Depths:3
Abyss: Depths:3
Pandemonium: Depths:2 Depths:4
Ziggurat: Depths:3
Trove: D:11 (show slimy rune of Zot)

Annotations:
D:3 exclusion: downstairs
D:4 3 runed translucent doors, exclusion: downstairs, Dowan; Duvessa; Grinder; raetorn's ghost, amateur KoBr
D:5 exclusion: 2 downstairs
D:14 3 runed translucent doors, exclusion: upstairs, Pytinka's ghost, journeyman GrEE
Lair:3 exclusion: downstairs
Swamp:1 exclusion: downstairs
Swamp:3 1 transporter, Neme's ghost, adept DgAE
Spider:1 1 runed translucent door
Spider:2 exclusion: downstairs
Slime:5 Royal Jelly
Orc:1 2 transporters, exclusion: downstairs
Vaults:5 Boris
Depths:2 1 runed translucent door
Zot:4 exclusion: downstairs


Innate Abilities, Weirdness & Mutations

You are a lightning-filled tempest!
Your electrical attacks strike out in all directions at once.
You are incredibly evasive.
Your insubstantial body is immune to petrification, constriction, and being set on fire You are flying.
You are immune to poison.
((You have sharp claws.))
((You have razor-sharp teeth.))
You have supernaturally acute eyesight. (SInv)
((You cover ground quickly. (Speed+)))
((Your thick and shaggy fur keeps you warm. (AC +3, rC+)))
((Your paws help you pounce on unaware monsters.))
You are incapable of wielding weapons or throwing items.
You cannot wear armour.
You gain extra lives every three experience levels.
((You have a pair of horns on your head.))
((You are mostly covered in iridescent scales. (AC +4)))
Your body sometimes deteriorates upon taking damage.
You are strong-willed. (Will+)
((Your body is covered in eyes which may confuse attackers. (Acc +7, SInv)))
((Your translucent skin slightly reduces your foes' accuracy. (Stealth+)))
((You are covered in slimy tendrils that may disarm your opponents.))


Message History

The worldbinder calls forth creatures from the Crypt!
You buffet the raiju!
The raiju is moderately wounded.
You hit the walking earthen tome. You completely miss the sun demon.
You blast the balrug!!!
The balrug hits you but does no damage. The sun demon hits you!
* * * LOW HITPOINT WARNING * * *
Your body deteriorates!
You feel clumsy.
You are engulfed in flames.
You resist.
* * * LOW HITPOINT WARNING * * *
The raiju completely misses you.
A starcursed mass splits.
The walking earthen tome completely misses you.
A starcursed mass splits.
Okay, then.
Okay, then.
Unknown command.
You feel yourself speed up.
A starcursed mass splits.
The balrug gestures at you. Something smites you!
* * * LOW HITPOINT WARNING * * *
Your body deteriorates!
You feel clumsy. The sun demon barely misses you.
The raiju bursts into living lightning!
The living lightning misses you.
The raiju blinks!
A raiju comes into view.
The walking earthen tome completely misses you.
A raiju comes into view.
As you read the scroll of fear, it crumbles to dust.
You assume a fearsome visage.
The walking earthen tome is unaffected.
The starcursed mass is unaffected.
The freezing wraith is unaffected.
The starcursed mass is unaffected.
The balrug resists with almost no effort.
The starcursed mass is unaffected.
The sun demon resists with almost no effort.
The sun demon looks frightened!
The necromancer looks frightened!
The living spell is unaffected.
The raiju looks frightened! x2
The living spell is unaffected.
The starcursed mass is unaffected.
The ancient zyme is unaffected.
The raiju looks frightened! x2
The balrug misses you. The sun demon hits you!
You die...

. ... . . . ..
........ . #.#
#.......
..+..........
'#'#.#+#...# + §
'.'3....##
#+#+#'#.#......
......h.'.3..#####.
#. .#'..#+#vh*.....
.. .'.')'x2;#.####.
# ..'#p#hX*# .h
..... ...xXX.. ##
.........#...##
.........W....# .#
.......##...
###.....#.. ..X#
..## #...#...#


You could see 3 starcursed masses, a walking earthen tome, a balrug, 2 sun
demons, an ancient zyme, a freezing wraith (summoned), a necromancer (summoned,
fleeing), a worldbinder, 4 raiju and 2 living spells.

Vanquished Creatures
  A dread lich (Zot:5)
  5 orbs of fire
  3 ancient liches (Zot:5)
  Mara (Depths:2)
  A juggernaut (Depths:4)
  11 Killer Klowns (Zot:5)
  A curse toe (Zot:3)
  Nikola (Swamp:1)
  8 golden dragons
  A bone dragon (Abyss:1)
  Arachne (Spider:3)
  2 electric golems (Zot:5)
  11 tentacled monstrosities
  A Hell Sentinel (Abyss:1)
  A lich (Depths:3)
  A titan (Depths:4)
  22 Orb Guardians
  9 death cobs
  Frances (D:12)
  2 tentacled starspawn
  A thorn hunter (Swamp:1)
  7 sphinxes
  Kirke (Lair:4)
  4 storm dragons
  5 shadow dragons
  A draconian monk (Zot:2)
  3 draconian knights
  Donald (Orc:2)
  4 frost giants
  An orc warlord (Vaults:2)
  2 imperial myrmidons (Desolation)
  4 draconian scorchers
  4 fire giants
  17 vault wardens
  A cacodemon (Depths:4)
  A deep elf sorcerer (Vaults:1)
  3 balrugs
  5 emperor scorpions
  10 ghost moths
  2 draconian shifters (Zot:4)
  3 draconian stormcallers
  31 very ugly things
  4 broodmothers
  11 stone giants
  9 ironbound preservers
  6 draconian annihilators
  A caustic shrike skeleton (Depths:2)
  4 ironbound thunderhulks
  7 starcursed masses
  Nessos (Lair:3)
  2 war gargoyles
  2 halazid warlocks (Desolation)
  4 spark wasps
  7 red draconians
  14 black draconians
  9 green draconians
  A vampire knight (Depths:2)
  3 entropy weavers
  7 white draconians
  7 yellow draconians
  4 purple draconians
  3 bunyips
  2 eleionomae
  9 dire elephants
  2 eidola
  4 blizzard demons (WizLab)
  7 ettins
  A merfolk impaler (Depths:1)
  3 crystal guardians
  3 fire dragons
  2 deep elf death magi (Vaults:3)
  3 merfolk javelineers
  6 yaktaur captains
  10 ragged hierophants (Desolation)
  A spriggan zombie (Depths:3)
  A rakshasa (Depths:2)
  3 spriggan air magi
  6 servants of whispers (Desolation)
  6 ironbound frosthearts
  4 boulder beetles
  10 centaur warriors
  12 vault guards
  7 peacekeepers
  A radroach (Spider:1)
  Erica (D:10)
  A catoblepas (Lair:2)
  4 two-headed ogres
  3 ice dragons
  A merfolk avatar (Lair:5)
  6 alligators
  19 hydras
  A death knight (D:14)
  6 ghost crabs
  3 jorogumos
  A titan zombie (Depths:3)
  5 tengu warriors (Depths:2)
  8 death scarabs (Spider:4)
  A hell hog (Abyss:1)
  5 hell knights (Depths:3)
  2 vampire magi
  4 orc high priests
  2 soul eaters (Depths:4)
  A thrashing horror (Abyss:1)
  8 spriggans
  2 spriggan berserkers
  A shadow wraith (Abyss:1)
  4 sun demons
  A storm dragon skeleton (Depths:2)
  A golden dragon zombie (D:15)
  A skeletal warrior (D:15)
  4 steelbarb worms
  33 deep trolls
  6 pharaoh ants
  2 flayed ghosts
  2 goliath frogs
  A spark wasp zombie (Depths:2)
  3 spriggan druids
  12 bog bodies
  4 death drakes (WizLab)
  3 sea snakes (Lair:5)
  4 orb spiders
  An orange crystal statue (Depths:4)
  9 wizards
  2 spectral wolf spiders (Spider:4)
  4 lindwurms
  7 swamp dragons
  A spectral jorogumo (Spider:4)
  6 orc knights
  A deep elf pyromancer (D:13)
  15 ironbound convokers
  5 necromancers
  A sphinx zombie (D:15)
  5 will-o-the-wisps
  16 wolf spiders
  3 orc sorcerers
  41 ugly things
  5 manticores
  An iron dragon skeleton (Depths:3)
  3 cyclopes
  A worldbinder (Abyss:1)
  A fire giant skeleton (Depths:2)
  20 moths of wrath
  7 elephants
  An apocalypse crab (Abyss:1)
  A rust devil (Depths:4)
  4 torpor snails
  8 vault sentinels
  2 guardian serpents (Desolation)
  5 black mambas
  7 cane toads
  6 demonic crawlers
  2 unseen horrors
  A smoke demon (Depths:2)
  31 yaktaurs
  2 orange demons (Depths:2)
  2 efreet
  2 redback zombies (Spider:4)
  A hellion (Abyss:1)
  2 spectral redbacks (Spider:4)
  A rime drake (Lair:5)
  12 komodo dragons
  2 freezing wraiths
  3 ice devils (Depths:4)
  2 hellwings (Depths:2)
  A golden dragon simulacrum (Depths:2)
  A red devil (Depths:2)
  3 meliai
  7 hornets
  A queen bee (shapeshifter) (D:14)
  5 trolls
  3 polar bears (Lair:5)
  A shadow dragon simulacrum (Depths:2)
  42 saltlings (Desolation)
  8 tyrant leeches
  A spectral culicivora (Spider:4)
  A snapping turtle (Lair:5)
  4 spectral jumping spiders (Spider:4)
  4 spectral tarantellas (Spider:4)
  23 tarantellas
  2 wind drakes (WizLab)
  4 dream sheep (Lair:4)
  8 raiju (Abyss:1)
  20 blink frogs
  A frost giant simulacrum (Depths:3)
  A jumping spider (shapeshifter) (D:13)
  2 fire giant simulacra (Depths:2)
  A tarantella zombie (Spider:4)
  36 jumping spiders
  A ynoxinul (Abyss:1)
  12 air elementals (WizLab)
  2 wraiths
  10 water elementals
  27 culicivoras
  22 yaks
  4 basilisks
  4 hogs (Lair:4)
  A basilisk (shapeshifter) (D:12)
  2 neqoxecs
  3 wyverns
  4 steam dragons
  13 large abominations
  8 vampire mosquitoes
  4 chaos spawn
  34 redbacks
  3 wargs
  3 acid dragons
  7 swamp worms
  A hell hound (Orc:2)
  19 water moccasins
  27 orc warriors
  An ice beast (D:5)
  3 sky beasts
  8 swamp drakes
  2 boggarts (Vaults:4)
  6 black bears
  21 wolves
  4 centaurs
  3 ogres
  2 phantoms
  3 kobold brigands
  2 gnoll sergeants
  11 bullfrogs
  8 scorpions
  4 wights (D:8)
  A glowing shapeshifter simulacrum (Vaults:1)
  8 small abominations
  20 killer bees
  2 howler monkeys (D:11)
  4 electric eels
  22 orc priests
  6 jellies
  6 hounds
  4 gnoll boudas
  4 iguanas
  25 orc wizards
  A hell rat (D:14)
  Robin (D:4)
  28 gnolls
  6 adders
  A river rat (D:14)
  4 white imps
  4 worms
  A dart slug (D:2)
  66 orcs
  11 ball pythons
  9 endoplasms
  7 giant cockroaches
  A gnoll zombie (D:6)
  8 hobgoblins
  5 jackals
  3 quokkas
  3 bats
  3 frilled lizards
  14 goblins
  23 kobolds
  6 rats
  A lurking horror (Abyss:1)
1599 creatures vanquished.

Vanquished Creatures (collateral kills)
  Josephina (Depths:2)
  A golden dragon (Zot:3)
  A Cloud Mage (WizLab)
  3 Orb Guardians (Zot:5)
  Jorgrun (D:14)
  A fenstrider witch (Swamp:4)
  2 vault wardens
  2 emperor scorpions (Spider:4)
  An imperial myrmidon (Desolation)
  2 stone giants (Depths:2)
  4 ironbound preservers
  6 very ugly things
  An ironbound thunderhulk (Vaults:1)
  2 broodmothers (Spider:2)
  A yellow draconian (Zot:2)
  A purple draconian (Zot:2)
  Snorg (D:10)
  A crystal guardian (Vaults:4)
  A yaktaur captain (Vaults:1)
  An ice dragon (Depths:2)
  4 ironbound frosthearts
  2 boulder beetles (D:14)
  3 hydras
  6 centaur warriors
  An alligator (Swamp:1)
  A radroach (Spider:4)
  A vampire mage (Depths:2)
  A deep troll earth mage (Depths:2)
  A spriggan (Swamp:4)
  Sonja (D:13)
  5 deep trolls
  A skeletal warrior (D:15)
  2 bog bodies
  A flayed ghost (D:10)
  4 swamp dragons
  4 orb spiders
  2 wizards
  3 ironbound convokers
  A spriggan druid (Swamp:1)
  3 orc knights
  3 wolf spiders
  A stone giant zombie (D:15)
  4 ugly things
  A cyclops (D:14)
  A manticore (D:13)
  3 elephants
  A black mamba (Lair:5)
  An apocalypse crab (WizLab)
  5 yaktaurs
  2 komodo dragons
  3 demonic crawlers
  A hellwing (Depths:2)
  A polar bear (Lair:5)
  A tyrant leech (Swamp:2)
  3 tarantellas (Spider:1)
  A spectral culicivora (Spider:4)
  A hornet (Swamp:4)
  A wind drake (Lair:5)
  3 saltlings (Desolation)
  5 blink frogs
  A stone giant simulacrum (Depths:2)
  4 jumping spiders
  4 culicivoras
  A ynoxinul (Abyss:1)
  9 yaks (Lair:5)
  A swamp worm (Swamp:1)
  7 redbacks
  A vampire mosquito (Swamp:2)
  A human zombie (D:15)
  2 large abominations (Abyss:1)
  A hell hound (Orc:2)
  2 orc warriors (Orc:2)
  A swamp drake (Swamp:4)
  A boggart (Vaults:4)
  2 scorpions (D:14)
  An orc priest (Orc:2)
  A hell rat (D:14)
  A river rat (D:14)
  4 orcs
  A rat (D:14)
169 creatures vanquished.

Vanquished Creatures (others)
  2 acid blobs
  An azure jelly (Depths:3)
  A storm dragon (Zot:4)
  A draconian monk (Zot:4)
  A caustic shrike skeleton (Depths:2)
  A draconian stormcaller (Abyss:5)
  2 very ugly things (Depths:3)
  11 great orbs of eyes
  A vault guard (Vaults:2)
  A boulder beetle (shapeshifter) (D:15)
  A boulder beetle (D:14)
  2 hydras
  2 alligators (Swamp:4)
  3 glowing orange brains
  4 hell knights (Depths:3)
  An orc knight (Orc:2)
  3 wizards
  An orb spider (Spider:3)
  A swamp dragon (shapeshifter) (Depths:2)
  3 necromancers
  An ironbound convoker (Vaults:1)
  A wolf spider (shapeshifter) (Abyss:4)
  2 orc sorcerers (Orc:2)
  2 cyclopes (D:14)
  A draconian (Abyss:5)
  A manticore (D:14)
  A smoke demon (Abyss:5)
  3 vault sentinels
  A kobold demonologist (D:12)
  4 yaktaurs
  A troll (D:14)
  A tyrant leech (Swamp:4)
  A hornet (Depths:3)
  A saltling (Desolation)
  32 slime creatures
  2 spriggans
  2 redbacks (Vaults:3)
  A warg (shapeshifter) (D:14)
  A water moccasin (Lair:5)
  A swamp drake (Swamp:3)
  An orc warrior (Vaults:3)
  3 centaurs (D:14)
  A scorpion (D:13)
  2 orc priests (Orc:2)
  A starcursed mass (Abyss:5)
  222 jellies
  2 orc wizards
  2 river rats (D:14)
  6 endoplasms (D:14)
  16 orcs
  3 giant cockroaches (D:14)
  3 kobolds (D:12)
  4 rats (D:14)
  6 foxfires
  89 fungi
  2 pillars of salt (Desolation)
  96 plants
  4 starspawn tentacles
  14 withered plants
580 creatures vanquished.

Grand Total: 2348 creatures vanquished

Notes
Turn   | Place    | Note
-------+----------+-------------------------------------------
     0 | D:1      | 112233 the Felid Air Elementalist began the quest for the
                  | Orb.
     0 | D:1      | Reached XP level 1. HP: 7/7 MP: 4/4
   170 | D:1      | Reached skill level 1 in Conjurations
   517 | D:1      | Reached XP level 2. HP: 11/11 MP: 1/6
   699 | D:1      | Reached skill level 3 in Dodging
  1303 | D:2      | Learned a level 2 spell: Static Discharge
  1650 | D:2      | Reached XP level 3. HP: 13/15 MP: 7/7
  1929 | D:2      | Found a faded altar of an unknown god.
  2558 | D:3      | Reached skill level 1 in Fighting
  2857 | D:3      | Reached XP level 4. HP: 13/19 MP: 8/9
  3846 | D:4      | Noticed Duvessa
  3849 | D:4      | Noticed Dowan
  3856 | D:3      | Learned a level 4 spell: Airstrike
  3957 | D:4      | Found a runed translucent gate.
  3957 | D:4      | Found a runed translucent gate.
  3957 | D:4      | Found a runed translucent gate.
  3959 | D:4      | Noticed raetorn's ghost (amateur KoBr)
  4124 | D:5      | Entered Level 5 of the Dungeon
  4125 | D:5      | Identified the +1 robe of Midnight {Int+4}
  4349 | D:4      | Reached XP level 5. HP: 15/22 MP: 10/10
  4470 | D:5      | Noticed an ogre
  4635 | D:4      | Reached skill level 4 in Dodging
  4816 | D:4      | Found a shimmering altar of Xom.
  4838 | D:4      | Noticed Grinder
  5075 | D:5      | Gained mutation: You are covered in thick fur. (AC +2)
                  | [Felid growth]
  5075 | D:5      | Reached XP level 6. HP: 9/26 MP: 10/12
  6191 | D:5      | Reached XP level 7. HP: 22/30 MP: 12/14
  6409 | D:5      | Reached skill level 5 in Air Magic
  6539 | D:5      | Reached skill level 5 in Dodging
  6749 | D:4      | Noticed Robin
  6944 | D:4      | Killed Robin
  8114 | D:6      | Reached skill level 5 in Spellcasting
  8515 | D:5      | Reached XP level 8. HP: 17/34 MP: 16/16
 10097 | D:7      | Reached skill level 6 in Dodging
 10332 | D:7      | Found a glowing silver altar of Zin.
 10752 | D:7      | HP: 1/36 [orc priest/divine providence (13)]
 10764 | D:7      | Learned a level 3 spell: Swiftness
 10767 | D:7      | Learned a level 2 spell: Blink
 10881 | D:7      | Reached XP level 9. HP: 21/39 MP: 16/19
 11587 | D:7      | Reached skill level 7 in Dodging
 11767 | D:7      | Found a staircase to the Ecumenical Temple.
 11928 | Temple   | Entered the Ecumenical Temple
 13249 | D:8      | Reached skill level 5 in Fighting
 13457 | D:8      | Noticed a two-headed ogre
 13466 | D:8      | Killed a two-headed ogre
 13803 | D:8      | Reached skill level 8 in Dodging
 14091 | D:8      | Reached XP level 10. HP: 44/44 MP: 22/22
 14187 | D:8      | Found a radiant altar of Vehumet.
 14555 | D:9      | Found a staircase to the Orcish Mines.
 16681 | D:9      | Found a staircase to the Lair.
 16767 | D:9      | Reached skill level 9 in Dodging
 16859 | D:9      | Found a sacrificial altar of Ru.
 17072 | Lair:1   | Entered Level 1 of the Lair of Beasts
 18408 | Lair:1   | Reached XP level 11. HP: 11/49 MP: 3/25
 18790 | Lair:1   | Noticed a four-headed hydra
 18797 | Lair:1   | Killed a four-headed hydra
 19876 | Lair:1   | Reached skill level 10 in Air Magic
 20238 | Lair:1   | Reached skill level 10 in Dodging
 20727 | Lair:2   | Reached skill level 10 in Spellcasting
 21228 | Lair:3   | Noticed Nessos
 21233 | Lair:3   | Killed Nessos
 21327 | Lair:3   | Found a bloodstained altar of Trog.
 21494 | Lair:3   | You fall into a shaft and drop 2 floors!
 21494 | Lair:5   | Entered Level 5 of the Lair of Beasts
 21672 | Lair:2   | Noticed a catoblepas
 22770 | Lair:4   | Found a staircase to the Slime Pits.
 22774 | Lair:4   | Found a viscous altar of Jiyva.
 23082 | Lair:4   | Identified the +2 falchion of Equilibrium {flame, *Slow
                  | rElec Will- Int+8}
 23113 | Lair:4   | Noticed Kirke
 23172 | Lair:4   | Gained mutation: Your thick and shaggy fur keeps you warm.
                  | (AC +3, rC+) [Felid growth]
 23172 | Lair:4   | Reached XP level 12. HP: 55/55 MP: 27/27
 23584 | Lair:4   | Killed Kirke
 23585 | Lair:4   | Reached skill level 11 in Dodging
 24532 | Lair:2   | Found a hole to the Spider Nest.
 25000 | Lair:2   | Killed a catoblepas
 25125 | Lair:2   | Found a staircase to the Swamp.
 25640 | Lair:4   | Identified a scroll of acquirement
 25647 | Lair:4   | Acquired the Papyrus of the Road Less Travelled
 25963 | Lair:4   | Became a worshipper of Jiyva Joamejen the Shapeless
 26348 | D:10     | Entered Level 10 of the Dungeon
 26480 | D:10     | Noticed a centaur warrior
 26553 | Orc:1    | Entered Level 1 of the Orcish Mines
 26911 | Orc:2    | Entered Level 2 of the Orcish Mines
 26911 | Orc:2    | Noticed Donald
 26916 | Orc:2    | Killed Donald
 27115 | Orc:2    | Reached * piety under Jiyva
 27121 | Orc:2    | Noticed an ettin
 27131 | Orc:2    | Killed an ettin
 27181 | Orc:2    | Found Paelefu's General Store.
 27282 | Orc:2    | Reached skill level 12 in Dodging
 27482 | Orc:1    | Noticed a two-headed ogre
 27483 | Orc:1    | Noticed an orc warlord
 27519 | Orc:1    | Noticed an orc high priest
 27521 | Orc:1    | Killed an orc high priest
 27624 | Orc:1    | Reached XP level 13. HP: 60/60 MP: 27/30
 27667 | Orc:1    | Found a transporter.
 27671 | Orc:1    | Found a transporter.
 27675 | Orc:1    | Noticed an orc warlord
 27865 | Orc:2    | Noticed Rupert
 27871 | Orc:2    | Paralysed by Rupert for 4 turns
 27979 | D:10     | Reached ** piety under Jiyva
 28291 | D:10     | Noticed Erica
 28294 | D:10     | Killed Erica
 28596 | D:10     | Found a blossoming altar of Fedhas.
 28875 | D:11     | Mangled by a manticore
 28876 | D:11     | Reached XP level 12. HP: -9/57 MP: 21/38
 29181 | D:11     | Learned a level 7 spell: Storm Form
 29349 | D:11     | Found an iron altar of Okawaru.
 29440 | D:11     | Reached *** piety under Jiyva
 29440 | D:11     | Noticed a two-headed ogre
 29443 | D:11     | Killed a two-headed ogre
 29444 | D:11     | Reached skill level 1 in Transmutations
 29466 | D:11     | Found a portal to a secret trove of treasure.
 29484 | D:11     | Gained mutation: You have a somewhat thin skeletal
                  | structure. (Dex +2, Stealth+) [Jiyva's grace]
 29484 | D:11     | Gained mutation: You have a moderately thin skeletal
                  | structure. (Dex +4, Stealth++) [Jiyva's grace]
 29484 | D:11     | Gained mutation: You have an unnaturally thin skeletal
                  | structure. (Dex +6, Stealth+++) [Jiyva's grace]
 29484 | D:11     | Gained mutation: You have a small jelly attached to you
                  | that senses nearby items. [Jiyva's grace]
 29553 | D:11     | Identified the +9 whip "Voathiot" {flame, rN+ Str+3 Int+3}
 29659 | D:11     | You fall into a shaft and drop 1 floor!
 29846 | D:12     | Noticed Frances
 29880 | D:12     | Killed Frances
 30787 | D:12     | Reached **** piety under Jiyva
 31331 | D:13     | Found a bloodstained altar of Trog.
 31391 | D:13     | Noticed a boulder beetle
 31440 | D:13     | Noticed a boulder beetle
 31452 | D:13     | Noticed a centaur warrior
 31470 | D:14     | Noticed Pytinka's ghost (journeyman GrEE)
 31470 | D:14     | Found a runed translucent gate.
 31470 | D:14     | Found a runed translucent gate.
 31474 | D:14     | Noticed a fire giant
 31476 | D:14     | Noticed a centaur warrior
 31478 | D:14     | Found a runed translucent gate.
 31496 | D:14     | Noticed a two-headed ogre
 31513 | D:14     | Killed a two-headed ogre
 31606 | D:14     | Noticed a vault guard
 31608 | D:14     | Noticed a death knight
 31613 | D:14     | Killed a vault guard
 31614 | D:14     | Reached skill level 1 in Unarmed Combat
 31648 | D:14     | Killed a boulder beetle
 31654 | D:14     | Killed a death knight
 31673 | D:14     | Noticed a boulder beetle
 31758 | D:14     | Noticed a centaur warrior
 31879 | D:15     | Entered Level 15 of the Dungeon
 31948 | D:14     | Found Jarusiek's Weapon Boutique.
 31950 | D:14     | Reached ***** piety under Jiyva
 31957 | D:14     | Found Muepn's Book Shoppe.
 31965 | D:14     | Bought a book of Storms for 512 gold pieces
 31970 | D:14     | Learned a level 4 spell: Summon Lightning Spire
 31977 | D:14     | Learned a level 6 spell: Statue Form
 31992 | D:14     | Noticed Jorgrun
 32000 | D:14     | Killed Jorgrun
 32001 | D:14     | Reached XP level 13. HP: 32/61 MP: 19/30
 32343 | D:13     | Reached skill level 13 in Dodging
 32958 | D:13     | Noticed Sonja
 32966 | D:13     | Killed Sonja
 33246 | D:13     | Reached skill level 10 in Fighting
 34660 | Lair:5   | Reached skill level 5 in Transmutations
 34768 | Lair:5   | Identified the +1 ring mail "Vilyog" {Int+4}
 34874 | Lair:5   | Lost mutation: You have an unnaturally thin skeletal
                  | structure. (Dex +6, Stealth+++) [Jiyva's grace]
 34874 | Lair:5   | Gained mutation: You are covered in slimy tendrils that may
                  | disarm your opponents. [Jiyva's grace]
 34874 | Lair:5   | Gained mutation: You have acidic saliva. [Jiyva's grace]
 34874 | Lair:5   | Gained mutation: Your rubbery body absorbs attacks. (AC +1,
                  | EV +1) [Jiyva's grace]
 34874 | Lair:5   | Gained mutation: Your pliable body absorbs attacks. (AC +2,
                  | EV +2) [Jiyva's grace]
 34893 | Lair:5   | Reached XP level 14. HP: 66/66 MP: 24/32
 35901 | D:10     | Reached skill level 14 in Dodging
 35918 | D:10     | Noticed Snorg
 35928 | D:10     | Killed Snorg
 36026 | D:10     | Identified the ring "Vurr" {rPois Will+ rCorr}
 36619 | D:14     | Reached skill level 5 in Unarmed Combat
 36795 | D:14     | Found a gate to the Vaults.
 37018 | D:15     | Found a shadowy altar of Dithmenos.
 37545 | D:15     | Found a staircase to the Depths.
 38095 | Orc:2    | Slimified Rupert
 38095 | Orc:2    | Noticed Rupert
 38095 | Orc:2    | Rupert changed into Rupert the azure jelly
 38099 | Orc:2    | Acquired the Book of Contamination and Ozone
 38169 | Orc:2    | Bought a scroll of blinking for 82 gold pieces
 38311 | Orc:2    | Found a staircase to the Elven Halls.
 39041 | Orc:2    | Found Maav's Weapon Boutique.
 39041 | Orc:2    | Found Maahiz's General Store.
 39043 | Orc:2    | Found Afykeqo's General Store.
 39043 | Orc:2    | Found Inuubeem's General Store.
 39052 | Orc:2    | Bought a potion of heal wounds for 65 gold pieces
 39052 | Orc:2    | Bought a potion of invisibility for 104 gold pieces
 39055 | Orc:2    | Bought a potion of mutation for 128 gold pieces
 39055 | Orc:2    | Bought a potion of might for 64 gold pieces
 39059 | Orc:2    | Bought a wand of roots (5) for 192 gold pieces
 39233 | Spider:1 | Entered Level 1 of the Spider Nest
 39233 | Spider:1 | Lost mutation: You have a moderately thin skeletal
                  | structure. (Dex +4, Stealth++) [Jiyva's grace]
 39233 | Spider:1 | Lost mutation: You have acidic saliva. [Jiyva's grace]
 39233 | Spider:1 | Lost mutation: Your pliable body absorbs attacks. (AC +2,
                  | EV +2) [Jiyva's grace]
 39233 | Spider:1 | Lost mutation: You are covered in slimy tendrils that may
                  | disarm your opponents. [Jiyva's grace]
 39233 | Spider:1 | Lost mutation: You have a small jelly attached to you that
                  | senses nearby items. [Jiyva's grace]
 39233 | Spider:1 | Gained mutation: You are robust. (+10% HP) [Jiyva's grace]
 39233 | Spider:1 | Gained mutation: You are very robust. (+20% HP) [Jiyva's
                  | grace]
 39233 | Spider:1 | Gained mutation: You are extremely robust. (+30% HP)
                  | [Jiyva's grace]
 39233 | Spider:1 | Gained mutation: You are partially covered in iridescent
                  | scales. (AC +2) [Jiyva's grace]
 39355 | Swamp:1  | Entered Level 1 of the Swamp
 39355 | Swamp:1  | Noticed a thorn hunter
 39364 | Swamp:1  | Killed a thorn hunter
 39651 | Swamp:1  | Reached XP level 15. HP: 76/91 MP: 9/34
 39694 | Swamp:1  | Noticed Nikola
 39709 | Swamp:1  | Killed Nikola
 40285 | Swamp:2  | Noticed a tentacled monstrosity
 40353 | Swamp:2  | Reached skill level 15 in Dodging
 40830 | Swamp:2  | Killed a tentacled monstrosity
 41029 | Swamp:3  | Reached ****** piety under Jiyva
 41200 | Swamp:3  | Found a transporter.
 41203 | Swamp:3  | Noticed Neme's ghost (adept DgAE)
 41427 | Swamp:3  | Lost mutation: You are extremely robust. (+30% HP) [Jiyva's
                  | grace]
 41427 | Swamp:3  | Lost mutation: You are very robust. (+20% HP) [Jiyva's
                  | grace]
 41427 | Swamp:3  | Gained mutation: You have acidic saliva. [Jiyva's grace]
 41427 | Swamp:3  | Gained mutation: You are strong-willed. (Will+) [Jiyva's
                  | grace]
 41427 | Swamp:3  | Gained mutation: You are highly strong-willed. (Will++)
                  | [Jiyva's grace]
 41427 | Swamp:3  | Gained mutation: You are extremely strong-willed. (Will+++)
                  | [Jiyva's grace]
 41865 | Swamp:4  | Entered Level 4 of the Swamp
 42099 | Swamp:4  | Learned a level 5 spell: Manifold Assault
 42327 | Swamp:4  | Reached skill level 16 in Dodging
 42330 | Swamp:4  | Reached XP level 16. HP: 83/83 MP: 29/35
 42342 | Swamp:4  | Got a decaying rune of Zot
 43885 | Spider:1 | Reached skill level 10 in Transmutations
 43912 | Spider:1 | Reached skill level 15 in Air Magic
 44007 | Spider:1 | Found a runed translucent door.
 44595 | Spider:2 | Reached skill level 17 in Dodging
 45615 | Spider:3 | Lost mutation: You are extremely strong-willed. (Will+++)
                  | [Jiyva's grace]
 45615 | Spider:3 | Lost mutation: You are robust. (+10% HP) [Jiyva's grace]
 45615 | Spider:3 | Gained mutation: You are somewhat resistant to further
                  | mutation. [Jiyva's grace]
 45615 | Spider:3 | Gained mutation: You are somewhat resistant to both further
                  | mutation and mutation removal. [Jiyva's grace]
 45615 | Spider:3 | Gained mutation: You are almost entirely resistant to
                  | further mutation and mutation removal. [Jiyva's grace]
 45615 | Spider:3 | Gained mutation: You are covered in slimy tendrils that may
                  | disarm your opponents. [Jiyva's grace]
 46090 | Spider:3 | Reached XP level 17. HP: 82/82 MP: 36/36
 46814 | Spider:3 | Identified the -2 robe "Byzedaiwn" {rN+ Str-3 Int+4 Stlth+}
 46819 | Spider:3 | Identified the +3 robe "Emeumn" {Dex+6}
 46904 | Spider:4 | Entered Level 4 of the Spider Nest
 47174 | Spider:4 | Reached skill level 10 in Unarmed Combat
 47249 | Spider:4 | Noticed Arachne
 47547 | Spider:3 | Killed Arachne
 48356 | Spider:4 | Reached skill level 18 in Dodging
 48496 | Spider:4 | Got a gossamer rune of Zot
 48677 | Spider:4 | Learned a level 8 spell: Maxwell's Capacitive Coupling
 48679 | Spider:4 | Learned a level 1 spell: Apportation
 48802 | Slime:1  | Entered Level 1 of the Pits of Slime
 48802 | Slime:1  | Noticed an acid blob
 48827 | Slime:1  | Noticed an acid blob
 48832 | Slime:2  | Noticed an acid blob
 48859 | Slime:2  | Noticed an acid blob
 48880 | Slime:2  | Noticed an acid blob
 48980 | Slime:4  | Noticed an acid blob
 48984 | Slime:4  | Noticed an acid blob
 48987 | Slime:5  | Entered Level 5 of the Pits of Slime
 49010 | Slime:5  | Found a viscous altar of Jiyva.
 49011 | Slime:5  | Noticed an acid blob
 49011 | Slime:5  | Noticed the Royal Jelly
 49011 | Slime:5  | Noticed an acid blob
 49013 | Slime:5  | Noticed an acid blob
 49014 | Slime:5  | Noticed an acid blob
 49014 | Slime:5  | Noticed an acid blob
 49015 | Slime:5  | Noticed an acid blob
 49020 | Slime:5  | Noticed an acid blob
 49021 | Slime:5  | Identified the ring of Ethics {rF+ Will++ Int+6}
 49031 | Slime:5  | Got a slimy rune of Zot
 49058 | Slime:5  | Noticed an acid blob
 49060 | Slime:5  | Noticed an acid blob
 49329 | Vaults:1 | Entered Level 1 of the Vaults
 49471 | Vaults:1 | Demolished by a white ugly thing
 49472 | Vaults:1 | Reached XP level 16. HP: -13/79 MP: 35/35
 49646 | Vaults:1 | Found Nuf Mil's Distillery.
 49651 | Vaults:1 | Bought a potion of haste for 200 gold pieces
 49651 | Vaults:1 | Bought a potion of curing for 60 gold pieces
 49651 | Vaults:1 | Bought a potion of magic for 160 gold pieces
 49692 | Vaults:1 | Found Bacepur's Antique Armour Emporium.
 49718 | Vaults:1 | Reached XP level 17. HP: 83/83 MP: 25/36
 49730 | Vaults:1 | Found Cuor's Antique Weapon Shoppe.
 49730 | Vaults:1 | Lost mutation: You have a somewhat thin skeletal structure.
                  | (Dex +2, Stealth+) [Jiyva's grace]
 49730 | Vaults:1 | Lost mutation: You are highly strong-willed. (Will++)
                  | [Jiyva's grace]
 49730 | Vaults:1 | Lost mutation: You are almost entirely resistant to further
                  | mutation and mutation removal. [Jiyva's grace]
 49730 | Vaults:1 | Lost mutation: Your rubbery body absorbs attacks. (AC +1,
                  | EV +1) [Jiyva's grace]
 49730 | Vaults:1 | Lost mutation: You are covered in slimy tendrils that may
                  | disarm your opponents. [Jiyva's grace]
 49730 | Vaults:1 | Gained mutation: Armour fits poorly on your pseudopods.
                  | [Jiyva's grace]
 49730 | Vaults:1 | Gained mutation: Armour fits poorly on your large
                  | pseudopods. [Jiyva's grace]
 49730 | Vaults:1 | Gained mutation: Armour fits poorly on your massive
                  | pseudopods. [Jiyva's grace]
 49730 | Vaults:1 | Gained mutation: You are agile. (Dex +4, Str/Int -1)
                  | [Jiyva's grace]
 49779 | Vaults:1 | Found a crumbling gateway.
 49844 | Desolati | Entered the Desolation of Salt
 50062 | Desolati | Identified the +2 pair of boots of Pessimism {rN+}
 50063 | Desolati | Identified the +3 war axe "Koluv" {drain, rN+ rCorr Dex-4}
 50073 | Desolati | Got the Handbook of Injurious Profane Deeds
 50242 | Desolati | Reached skill level 19 in Dodging
 50269 | Desolati | Identified the ring of the Saviour {rElec rN+ Str-4 Dex+2}
 50273 | Desolati | Identified the ring "Tiatikoi" {rN+ AC+4 Str+3} (You found
                  | it in the Desolation of Salt)
 50282 | Desolati | Got Kov Min's Quarto of Ashen Glamour
 50398 | Desolati | Identified the ring of Fuadaeth {Drain rPois Dex+8}
 50416 | Desolati | Identified the amulet of Jueq {Acrobat rN+ Stlth+}
 50535 | Desolati | Identified the +7 flail "Xets" {holy, *Rage rElec rN+ rCorr
                  | Dex+3}
 51569 | Vaults:2 | Reached skill level 15 in Fighting
 51615 | Vaults:2 | Reached XP level 18. HP: 33/89 MP: 37/37
 51888 | Vaults:2 | You are sucked into a shaft and drop 2 floors!
 52114 | Vaults:3 | Found a magical portal.
 52123 | WizLab   | Entered The Chambers of the Cloud Mage
 52137 | WizLab   | Paralysed by an air elemental for 1 turns
 52161 | WizLab   | Lost mutation: Armour fits poorly on your massive
                  | pseudopods. [Jiyva's grace]
 52161 | WizLab   | Gained mutation: You are highly strong-willed. (Will++)
                  | [Jiyva's grace]
 52161 | WizLab   | Gained mutation: You are extremely strong-willed. (Will+++)
                  | [Jiyva's grace]
 52161 | WizLab   | Gained mutation: Your body has grown eyes which may confuse
                  | attackers. (Acc +3) [Jiyva's grace]
 52161 | WizLab   | Gained mutation: Your body has grown many eyes which may
                  | confuse attackers. (Acc +5) [Jiyva's grace]
 52215 | WizLab   | Reached skill level 20 in Dodging
 52267 | WizLab   | Paralysed by an air elemental for 1 turns
 52485 | WizLab   | Noticed Syucla Igeci
 52494 | WizLab   | Killed Syucla Igeci the Cloud Mage
 52518 | WizLab   | Got Cewonaim's Grimoire of Breath
 52521 | WizLab   | Identified the ring "Fut Loo" {Fly rElec SInv}
 53065 | Vaults:2 | Killed from afar by an ironbound frostheart
 53066 | Vaults:2 | Reached XP level 17. HP: -16/85 MP: 31/36
 53541 | Vaults:2 | Reached skill level 1 in Translocations
 53653 | Vaults:2 | Reached XP level 18. HP: 90/90 MP: 37/37
 54173 | Vaults:3 | Reached skill level 5 in Translocations
 55165 | Vaults:4 | Lost mutation: You are agile. (Dex +4, Str/Int -1) [Jiyva's
                  | grace]
 55165 | Vaults:4 | Lost mutation: Your body has grown many eyes which may
                  | confuse attackers. (Acc +5) [Jiyva's grace]
 55165 | Vaults:4 | Lost mutation: Armour fits poorly on your large pseudopods.
                  | [Jiyva's grace]
 55165 | Vaults:4 | Gained mutation: You are mostly covered in iridescent
                  | scales. (AC +4) [Jiyva's grace]
 55165 | Vaults:4 | Gained mutation: You are completely covered in iridescent
                  | scales. (AC +6) [Jiyva's grace]
 55165 | Vaults:4 | Gained mutation: You have a small jelly attached to you
                  | that senses nearby items. [Jiyva's grace]
 55165 | Vaults:4 | Gained mutation: You have a somewhat thin skeletal
                  | structure. (Dex +2, Stealth+) [Jiyva's grace]
 55778 | Vaults:4 | Identified the +1 scale mail of Juech {Dex+2}
 55959 | Vaults:4 | Reached skill level 15 in Spellcasting
 55972 | Vaults:4 | Reached skill level 21 in Dodging
 56056 | Vaults:4 | Reached XP level 19. HP: 52/95 MP: 17/39
 56181 | Vaults:5 | Entered Level 5 of the Vaults
 56181 | Vaults:5 | Noticed Boris
 56424 | Depths:1 | Entered Level 1 of the Depths
 56522 | Depths:1 | Reached skill level 15 in Transmutations
 56582 | Depths:1 | Reached skill level 10 in Translocations
 56671 | Depths:1 | You are sucked into a shaft and drop 1 floor!
 56929 | Depths:2 | Found a one-way gate leading to the halls of Pandemonium.
 57069 | Depths:2 | Noticed Mara
 57075 | Depths:2 | Noticed 112233's illusion
 57097 | Depths:2 | Killed Mara
 57148 | Depths:2 | Identified the ring "Gaeneata" {Ice Contam Dex+9}
 57148 | Depths:2 | Noticed Josephina
 57165 | Depths:2 | Killed Josephina
 57258 | Depths:2 | Found a gateway to Hell.
 57321 | Depths:2 | Noticed a golden dragon
 57334 | Depths:2 | Killed a golden dragon
 57371 | Depths:2 | Found a runed translucent door.
 57372 | Depths:2 | Found a runed translucent door.
 57454 | Depths:2 | Found a radiant altar of Vehumet.
 58102 | Depths:3 | Found a one-way gateway to a ziggurat.
 58123 | Depths:3 | Gained mutation: You are robust. (+10% HP) [Jiyva's grace]
 58123 | Depths:3 | Gained mutation: You are very robust. (+20% HP) [Jiyva's
                  | grace]
 58123 | Depths:3 | Gained mutation: You are extremely robust. (+30% HP)
                  | [Jiyva's grace]
 58123 | Depths:3 | Gained mutation: Your system is resistant to poisons.
                  | (rPois) [Jiyva's grace]
 58180 | Depths:3 | Found Enyed's Distillery.
 58219 | Depths:3 | Bought a potion of heal wounds for 95 gold pieces
 58219 | Depths:3 | Bought a potion of curing for 57 gold pieces
 58219 | Depths:3 | Bought a potion of curing for 57 gold pieces
 58219 | Depths:3 | Bought a potion of haste for 190 gold pieces
 58219 | Depths:3 | Found Obeke's Distillery.
 58225 | Depths:3 | Bought 2 potions of curing for 132 gold pieces
 58225 | Depths:3 | Bought a potion of curing for 66 gold pieces
 58225 | Depths:3 | Bought a potion of magic for 176 gold pieces
 58291 | Depths:3 | Found a one-way gate to the infinite horrors of the Abyss.
 58314 | Depths:3 | Noticed Margery
 58326 | Depths:3 | Slimified Margery
 58326 | Depths:3 | Noticed Margery
 58326 | Depths:3 | Margery changed into Margery the azure jelly
 58363 | Depths:3 | Killed Margery the azure jelly
 58480 | Depths:3 | Reached XP level 20. HP: 123/130 MP: 25/40
 58636 | Depths:3 | Found a broken altar of Ashenzari.
 58873 | Depths:4 | Entered Level 4 of the Depths
 59225 | Depths:4 | Found Rytuarchupt's Magic Scroll Shoppe.
 59232 | Depths:4 | Identified the +6 broad axe of the Vase {vorpal, Str+4
                  | Int+4 Dex-5}
 59239 | Depths:4 | Bought a scroll of magic mapping for 150 gold pieces
 59343 | Depths:4 | Noticed a golden dragon
 59345 | Depths:4 | Found a gate to the Realm of Zot.
 59353 | Depths:4 | Killed a golden dragon
 59425 | Depths:4 | Noticed a juggernaut
 59430 | Depths:4 | Killed a juggernaut
 59944 | Depths:4 | Reached skill level 22 in Dodging
 60126 | Zot:1    | Entered Level 1 of the Realm of Zot
 60126 | Zot:1    | Lost mutation: You are completely covered in iridescent
                  | scales. (AC +6) [Jiyva's grace]
 60126 | Zot:1    | Lost mutation: You are extremely strong-willed. (Will+++)
                  | [Jiyva's grace]
 60126 | Zot:1    | Lost mutation: You are highly strong-willed. (Will++)
                  | [Jiyva's grace]
 60126 | Zot:1    | Lost mutation: Your system is resistant to poisons. (rPois)
                  | [Jiyva's grace]
 60126 | Zot:1    | Lost mutation: You are extremely robust. (+30% HP) [Jiyva's
                  | grace]
 60126 | Zot:1    | Gained mutation: Your translucent skin slightly reduces
                  | your foes' accuracy. (Stealth+) [Jiyva's grace]
 60126 | Zot:1    | Gained mutation: Your translucent skin reduces your foes'
                  | accuracy. (Stealth+) [Jiyva's grace]
 60126 | Zot:1    | Gained mutation: Your transparent skin significantly
                  | reduces your foes' accuracy. (Stealth+) [Jiyva's grace]
 60126 | Zot:1    | Gained mutation: You possess an exceptional clarity of
                  | mind. [Jiyva's grace]
 60311 | Zot:2    | Found the +4 dragonskin cloak
 60311 | Zot:2    | Noticed Tiamat
 60343 | Zot:2    | Noticed Parghit
 60348 | Zot:2    | Slimified Parghit
 60348 | Zot:2    | Noticed Parghit
 60348 | Zot:2    | Parghit changed into Parghit the acid blob
 60395 | Zot:2    | Killed Parghit the acid blob
 60557 | Zot:2    | Slimified Tiamat
 60557 | Zot:2    | Noticed Tiamat
 60557 | Zot:2    | Tiamat changed into Tiamat the azure jelly
 60678 | Zot:2    | Reached skill level 15 in Translocations
 60680 | Zot:2    | Noticed a golden dragon
 60688 | Zot:2    | Killed a golden dragon
 60798 | Zot:2    | Noticed a golden dragon
 60809 | Zot:2    | Killed a golden dragon
 60845 | Zot:2    | You are sucked into a shaft and drop 2 floors!
 60876 | Zot:4    | Noticed a golden dragon
 60886 | Zot:4    | Killed a golden dragon
 60887 | Zot:4    | Reached skill level 15 in Unarmed Combat
 61524 | Zot:3    | Reached XP level 21. HP: 120/126 MP: 36/42
 61961 | Zot:2    | Lost mutation: You are somewhat resistant to both further
                  | mutation and mutation removal. [Jiyva's grace]
 61961 | Zot:2    | Lost mutation: Armour fits poorly on your pseudopods.
                  | [Jiyva's grace]
 61961 | Zot:2    | Gained mutation: Your body has grown many eyes which may
                  | confuse attackers. (Acc +5) [Jiyva's grace]
 61961 | Zot:2    | Gained mutation: Your body is covered in eyes which may
                  | confuse attackers. (Acc +7, SInv) [Jiyva's grace]
 61961 | Zot:2    | Gained mutation: You are covered in slimy tendrils that may
                  | disarm your opponents. [Jiyva's grace]
 61961 | Zot:2    | Gained mutation: Your rubbery body absorbs attacks. (AC +1,
                  | EV +1) [Jiyva's grace]
 62227 | Zot:3    | Noticed a golden dragon
 62240 | Zot:3    | Killed a golden dragon
 62240 | Zot:3    | Noticed an orb of fire
 62241 | Zot:3    | Noticed a curse toe
 62428 | Zot:3    | Gained mutation: You are weak. (Str -2) [an orb of fire]
 62439 | Zot:3    | Killed an orb of fire
 62488 | Zot:3    | Identified the +2 spear of the Turnip {flame, rElec rC+
                  | Int+2 Dex+2}
 62502 | Zot:3    | Killed a curse toe
 62840 | Zot:3    | Killed from afar by a black draconian knight
 62841 | Zot:3    | Reached XP level 20. HP: -19/122 MP: 41/41
 63017 | Zot:5    | Entered Level 5 of the Realm of Zot
 63048 | Zot:5    | Noticed a Killer Klown
 63059 | Zot:5    | Killed a Killer Klown
 63749 | Zot:5    | Slain by an Orb Guardian
 63750 | Zot:5    | Reached XP level 19. HP: -1/116 MP: 38/40
 63789 | Zot:5    | Noticed a Killer Klown
 63792 | Zot:5    | Noticed an ancient lich
 63808 | Zot:5    | Noticed an orb of fire
 63991 | Zot:4    | Lost mutation: You possess an exceptional clarity of mind.
                  | [Jiyva's grace]
 63991 | Zot:4    | Lost mutation: You are somewhat resistant to further
                  | mutation. [Jiyva's grace]
 63991 | Zot:4    | Lost mutation: Your body is covered in eyes which may
                  | confuse attackers. (Acc +7, SInv) [Jiyva's grace]
 63991 | Zot:4    | Gained mutation: You have a pair of small horns on your
                  | head. [Jiyva's grace]
 63991 | Zot:4    | Gained mutation: You have a pair of horns on your head.
                  | [Jiyva's grace]
 63991 | Zot:4    | Gained mutation: You have a pair of large horns on your
                  | head. [Jiyva's grace]
 63991 | Zot:4    | Gained mutation: Your body is covered in eyes which may
                  | confuse attackers. (Acc +7, SInv) [Jiyva's grace]
 64460 | Zot:5    | Noticed an orb of fire
 65008 | Zot:5    | Killed an ancient lich
 65017 | Zot:5    | Gained mutation: Potions are less effective at restoring
                  | your health. [an orb of fire]
 65020 | Zot:5    | Killed an orb of fire
 65059 | Zot:5    | Killed a Killer Klown
 65093 | Zot:5    | Noticed a Killer Klown
 65094 | Zot:5    | Gained mutation: You occasionally lose the ability to drink
                  | potions when taking damage. [an orb of fire]
 65095 | Zot:5    | Gained mutation: You sometimes lose the ability to drink
                  | potions when taking damage. [an orb of fire]
 65098 | Zot:4    | Gained mutation: You are clumsy. (Dex -2) [an orb of fire]
 65100 | Zot:4    | Killed an orb of fire
 65249 | Zot:5    | Noticed a Killer Klown
 65252 | Zot:5    | Noticed an orb of fire
 65253 | Zot:5    | Killed a Killer Klown
 65337 | Zot:5    | Noticed an orb of fire
 65463 | Zot:5    | Noticed a dread lich
 65467 | Zot:5    | Killed a Killer Klown
 65470 | Zot:5    | Gained mutation: You sometimes lose your temper in combat.
                  | [an orb of fire]
 65472 | Zot:5    | Killed a dread lich
 65473 | Zot:5    | Reached skill level 23 in Dodging
 65473 | Zot:5    | Reached XP level 20. HP: 122/122 MP: 14/41
 65686 | Zot:5    | Gained mutation: You have an uncontrollable temper. [an orb
                  | of fire]
 65859 | Zot:4    | Lost mutation: You have a somewhat thin skeletal structure.
                  | (Dex +2, Stealth+) [potion of mutation]
 65859 | Zot:4    | Lost mutation: You are very robust. (+20% HP) [potion of
                  | mutation]
 65859 | Zot:4    | Lost mutation: You have a small jelly attached to you that
                  | senses nearby items. [potion of mutation]
 65860 | Zot:4    | Lost mutation: Your transparent skin significantly reduces
                  | your foes' accuracy. (Stealth+) [potion of mutation]
 65860 | Zot:4    | Lost mutation: You have acidic saliva. [potion of mutation]
 65861 | Zot:4    | Lost mutation: You are clumsy. (Dex -2) [potion of
                  | mutation]
 65861 | Zot:4    | Lost mutation: You are covered in slimy tendrils that may
                  | disarm your opponents. [potion of mutation]
 65861 | Zot:4    | Lost mutation: You have a pair of large horns on your head.
                  | [potion of mutation]
 65862 | Zot:4    | Lost mutation: You are strong-willed. (Will+) [potion of
                  | mutation]
 65862 | Zot:4    | Lost mutation: Your translucent skin reduces your foes'
                  | accuracy. (Stealth+) [potion of mutation]
 65863 | Zot:4    | Lost mutation: Your rubbery body absorbs attacks. (AC +1,
                  | EV +1) [potion of mutation]
 65863 | Zot:4    | Lost mutation: Potions are less effective at restoring your
                  | health. [potion of mutation]
 65863 | Zot:4    | Lost mutation: Your body is covered in eyes which may
                  | confuse attackers. (Acc +7, SInv) [potion of mutation]
 65863 | Zot:4    | Gained mutation: Your body sometimes deteriorates upon
                  | taking damage. [potion of mutation]
 65863 | Zot:4    | Gained mutation: You are completely covered in iridescent
                  | scales. (AC +6) [potion of mutation]
 65864 | Zot:4    | Lost mutation: You are completely covered in iridescent
                  | scales. (AC +6) [potion of mutation]
 65864 | Zot:4    | Lost mutation: You have an uncontrollable temper. [potion
                  | of mutation]
 65864 | Zot:4    | Lost mutation: Your body has grown many eyes which may
                  | confuse attackers. (Acc +5) [potion of mutation]
 65864 | Zot:4    | Gained mutation: You are completely covered in iridescent
                  | scales. (AC +6) [potion of mutation]
 65864 | Zot:4    | Lost mutation: You sometimes lose your temper in combat.
                  | [potion of mutation]
 65865 | Zot:4    | Lost mutation: You have a pair of horns on your head.
                  | [potion of mutation]
 65865 | Zot:4    | Lost mutation: You are weak. (Str -2) [potion of mutation]
 65865 | Zot:4    | Gained mutation: You have a pair of horns on your head.
                  | [potion of mutation]
 65865 | Zot:4    | Lost mutation: You are robust. (+10% HP) [potion of
                  | mutation]
 65865 | Zot:4    | Gained mutation: You are strong-willed. (Will+) [potion of
                  | mutation]
 65866 | Zot:4    | Lost mutation: You have a pair of horns on your head.
                  | [potion of mutation]
 65866 | Zot:4    | Lost mutation: You sometimes lose the ability to drink
                  | potions when taking damage. [potion of mutation]
 65866 | Zot:4    | Lost mutation: Your translucent skin slightly reduces your
                  | foes' accuracy. (Stealth+) [potion of mutation]
 65924 | Zot:5    | Gained mutation: You have a pair of horns on your head. [an
                  | orb of fire]
 65927 | Zot:5    | Gained mutation: You are weak. (Str -2) [an orb of fire]
 65928 | Zot:5    | Killed an orb of fire
 65931 | Zot:5    | Gained mutation: Your magical capacity is low. (-10% MP)
                  | [an orb of fire]
 65933 | Zot:5    | Killed an orb of fire
 65940 | Zot:5    | Noticed a Killer Klown
 65944 | Zot:5    | Killed a Killer Klown
 66015 | Zot:5    | Learned a level 9 spell: Chain Lightning
 66023 | Zot:5    | Noticed a Killer Klown
 66023 | Zot:5    | Noticed a Killer Klown
 66024 | Zot:5    | Noticed a Killer Klown
 66025 | Zot:5    | Noticed an ancient lich
 66390 | Zot:5    | Killed a Killer Klown
 66401 | Zot:5    | Killed an ancient lich
 66415 | Zot:5    | Killed a Killer Klown
 66435 | Zot:5    | Noticed a golden dragon
 66440 | Zot:5    | Killed a golden dragon
 66456 | Zot:5    | Killed a Killer Klown
 66581 | Zot:5    | Noticed a golden dragon
 66586 | Zot:5    | Killed a golden dragon
 66707 | Zot:5    | Noticed a golden dragon
 66713 | Zot:5    | Killed a golden dragon
 66777 | Zot:5    | Noticed an ancient lich
 66783 | Zot:5    | Killed an ancient lich
 66975 | Zot:5    | Noticed a Killer Klown
 66979 | Zot:5    | Killed a Killer Klown
 67017 | Zot:5    | Noticed a Killer Klown
 67021 | Zot:5    | Killed a Killer Klown
 67040 | Zot:5    | Noticed a Killer Klown
 67057 | Zot:5    | Killed a Killer Klown
 67442 | Depths:3 | Voluntarily entered the Abyss.
 67900 | Abyss:1  | Lost mutation: You are completely covered in iridescent
                  | scales. (AC +6) [Jiyva's grace]
 67900 | Abyss:1  | Lost mutation: Your magical capacity is low. (-10% MP)
                  | [Jiyva's grace]
 67900 | Abyss:1  | Lost mutation: You are weak. (Str -2) [Jiyva's grace]
 67900 | Abyss:1  | Lost mutation: You occasionally lose the ability to drink
                  | potions when taking damage. [Jiyva's grace]
 67900 | Abyss:1  | Gained mutation: Your body has grown many eyes which may
                  | confuse attackers. (Acc +5) [Jiyva's grace]
 67900 | Abyss:1  | Gained mutation: Your body is covered in eyes which may
                  | confuse attackers. (Acc +7, SInv) [Jiyva's grace]
 67900 | Abyss:1  | Gained mutation: You are covered in slimy tendrils that may
                  | disarm your opponents. [Jiyva's grace]
 67900 | Abyss:1  | Gained mutation: Your translucent skin slightly reduces
                  | your foes' accuracy. (Stealth+) [Jiyva's grace]
 67908 | Abyss:1  | Noticed a bone dragon
 67919 | Abyss:1  | Killed a bone dragon
 68078 | Abyss:2  | Reached XP level 21. HP: 65/106 MP: 30/43
 68244 | Abyss:6  | Slain by a sun demon

Illustrated notes

Levels and vault maps discovered:
D:1:      elethiomel_arrival_quiet, layout_basic, chequers_avenue
D:2:      layout_basic, serial_glass, glass_columns_c, glass_columns_a,
          glass_columns_a, glass_columns_b, glass_columns_a, glass_columns_a,
          glass_columns_a, glass_columns_a,
          ebering_ecumenical_altar_sacrificial, chequers_serial_rivers_small_b,
          minmay_tripent
D:3:      layout_basic
D:4:      layout_loops_cross, xom_teletrap_fun, gammafunk_ghost_necromancy,
          uniq_duvessa, uniq_robin, uniq_grinder
D:5:      layout_loops_ring, serial_rivers, chequers_serial_rivers_small_3,
          chequers_serial_rivers_small_3, chequers_serial_rivers_marsh,
          chequers_serial_rivers_micro_c, chequers_serial_rivers_large_a,
          chequers_serial_rivers_micro_c
D:6:      layout_rooms, mainiacjoe_overflow_brackets, enter_ossuary_3,
          uniq_crazy_yiuf_cottage
D:7:      layout_basic, zin_statuary, minmay_temple_entry_poolview,
          grunt_ministairs_6, solitary_fountain
D:8:      layout_basic, nicolae_overflow_crystal_walls,
          chequers_serial_rivers_marsh
D:9:      layout_small_grid, nicolae_ru_path_of_blood,
          grunt_lair_entry_orc_guard_hut, minmay_orc_entry_temple_small
D:10:     minmay_sliced_demisemicircle, layout_basic, fedhas_altar_1,
          uniq_erica, uniq_snorg
D:11:     layout_roguey, enter_trove_0, okawaru_trees_2
D:12:     layout_loops_ring, drop_trap, uniq_frances
D:13:     layout_basic, serial_park_tiny_1, trog_butcher_becter, uniq_sonja
D:14:     layout_basic, david_vaults_5, serial_shops,
          nicolae_shop_bloodbath_and_beyond, nicolae_shop_stone,
          gammafunk_ghost_split, chequers_serial_rivers_micro_c,
          hangedman_parallel_progression, uniq_jorgrun
D:15:     gammafunk_depths_entry_grave, layout_cave_pods,
          grunt_dithmenos_smoke_and_mirrors, nicolae_twisting_strands
Temple:   eino_temple_rhombus
Lair:1:   layout_concentric_octagons
Lair:2:   layout_cave_pods, minmay_swamp_entry_reptiles,
          spider_nest_entry_web_field, grunt_megastairs_2
Lair:3:   layout_gridlike, basic_altar, uniq_nessos
Lair:4:   layout_gridlike, nicolae_slime_entry_slimehenge,
          eino_small_chamber_without_monster, uniq_kirke
Lair:5:   gammafunk_lair_ancient_temple, layout_long_grid,
          infiniplex_staircase_pool, lemuel_fruit_tree
Swamp:1:  layout_basic_swamp, evilmike_swamp_ruin_house_2, swamp_pool1,
          uniq_nikola
Swamp:2:  layout_basic_swamp, serial_swamp_ruin, evilmike_swamp_ruin_house_6,
          evilmike_swamp_ruin_house_5, swamp_pool1
Swamp:3:  nicolae_swamp_decorative_isthmus, layout_basic_swamp,
          gammafunk_ghost_mausoleum, nicolae_swamp_small_spring,
          nicolae_swamp_some_circles
Swamp:4:  grunt_swamp_rune_castle, layout_basic_swamp
Spider:1: cheibrodos_spider_deadly_dance
Spider:2: layout_spider_delve
Spider:3: layout_spider_delve, hellmonk_motheaten_closet
Spider:4: floodkiller_spider_rune_tomb, uniq_arachne
Slime:1:  layout_caves
Slime:2:  layout_caves, cheibrodos_slime_lost_civilization_5
Slime:3:  nicolae_slime_jelly_donut, layout_caves
Slime:4:  layout_caves
Slime:5
Orc:1:    gammafunk_beogh_shrine, layout_diamond_mine
Orc:2:    grunt_orc_tribal_feast, layout_diamond_mine, enter_volcano_3,
          serial_shops, shop, nicolae_orc_lost_temple, uniq_donald, uniq_rupert
Vaults:1: portal_desolation_entry_twin_temple, nicolae_vaults_triangles,
          st_squares, serial_ice_b, hangedman_vaults_cutoff,
          nicolae_vaults_big_ls, nicolae_vaults_arrows, hangedman_vaults_nodes,
          hangedman_vaults_stretched_pinwheel, nicolae_vaults_asterisk,
          v_alt_pattern_6, ontoclasm_vaults_ring_small, v_misc_15,
          nicolae_vaults_little_squares_4, layout_vaults_omnibox, serial_shops,
          nicolae_lakefront_shop, nicolae_shop_hallway_stairs,
          nicolae_shop_window_shopping
Vaults:2: nicolae_vaults_specimen_jars, ontoclasm_vaults_fault,
          nicolae_vaults_display_case, v_misc_23, v_misc_15,
          nicolae_vaults_network_s, nicolae_vaults_little_squares_2,
          ontoclasm_vaults_loading_screen, nicolae_vaults_mini_display_case,
          vaults_dpeg_ring, layout_vaults_quadrants, serial_glass
Vaults:3: mu_enter_wizlab_3, minmay_crypt_entry_simple_corners,
          nicolae_vaults_circle_grid_a, nicolae_vaults_circle_grid_b,
          grunt_vaults_hallway_short, v_pattern_2, grunt_vaults_twisty,
          vaults_room_hallway, nicolae_vaults_angled_halls,
          ontoclasm_vaults_claustrophobia, vaults_dpeg_encased_lava,
          nicolae_vaults_border_crossing, ontoclasm_vaults_chip,
          vaults_room_grunt_arrival_ludios, layout_vaults_ring
Vaults:4: hangedman_vaults_restitches, v_misc_12, ontoclasm_vaults_ring_small,
          v_rooms_5, v_misc_19, v_misc_25, vaults_room_fancy_cross,
          nicolae_vaults_circle_grid_a, nicolae_vaults_twisting_passages,
          nicolae_vaults_diagonal_hallway_8, v_misc_28, v_misc_26,
          ontoclasm_vaults_gateway, hangedman_vaults_stretched_pinwheel,
          nicolae_vaults_little_squares_6, layout_vaults_maze
Vaults:5: uniq_boris
Depths:1: layout_cave_pools, abyss_entry_crystal, ebering_ghost_disaster_area,
          hell_entry, minmay_door_square, minmay_shop_grid_forest,
          kennysheep_treasure_room
Depths:2: minmay_the_grid_four_pointed_star
          [minmay_the_grid_triangle_9x9_longest,
          minmay_the_grid_triangle_9x9_descending_squares,
          minmay_the_grid_triangle_9x9_tough_junction,
          minmay_the_grid_triangle_9x9_skeleton,
          minmay_the_grid_prize_big_room], layout_cave_pools, hell_entry,
          nicolae_vehumet_radiance, grunt_pan_entry_sceptre,
          infiniplex_staircase_zigzag_1, uniq_josephina, uniq_mara
Depths:3: kennysheep_six_static_rooms, layout_basic, enter_ziggurat_a,
          abyss_entry, pf_vacation_house_of_asmodeus,
          cheibrodos_ashenzari_chains, minmay_shoptagon,
          infiniplex_staircase_pool_2, uniq_margery
Depths:4: grunt_zot_entry_funnels, layout_gridlike,
          nicolae_hell_entry_big_baal_hell, grunt_pan_entry_zigzag,
          serial_shops, nicolae_diamond_shop, serial_sigils_hangedman_gut,
          minivault_15
Zot:1:    layout_basic
Zot:2:    layout_cellular_growth, uniq_tiamat, uniq_parghit
Zot:3:    layout_basic, hangedman_zot_wheel_spokes, skrybe_zot_glass_3
Zot:4:    layout_gridville
Zot:5:    layout_cathedral_of_symmetry
Abyss:6:  base: D:10, doesnt_abyss_rune_brain_food, kilobyte_mutagenic_chamber

Skill      XL: |  1  2  3  4  5  6  7  8  9 10 11 12 13 14 15 16 17 18 19 20 21 |
---------------+----------------------------------------------------------------+-----
Conjurations   | 1 |  1.1
Stealth        | 3 |  3.0
Dodging        | 3 4 5 6 8 9 10 12 13 14 16 17 19 21 23 22 | 23.7
Air Magic      | 3 4 5 6 8 9 11 12 13 14 15 16 17 18 | 18.1
Fighting       | 1 2 3 4 5 6 7 9 10 11 12 13 15 16 18 17 | 18.6
Spellcasting   | 3 4 5 6 7 9 10 12 13 14 15 17 | 17.1
Transmutations | 3 5 7 9 12 13 14 17 16 | 17.0
Unarmed Combat | 1 4 5 7 9 13 14 16 | 16.4
Translocations | 2 9 12 18 16 | 18.1

Action                   |  1- 3 |  4- 6 |  7- 9 | 10-12 | 13-15 | 16-18 | 19-21 || total
-------------------------+-------+-------+-------+-------+-------+-------+-------++-------
Melee: Unarmed           |       |     1 |     2 |     9 |   173 |  1495 |  1270 ||  2950
       Bite              |       |       |     1 |     1 |     8 |     6 |     3 ||    19
       Punch             |       |       |       |       |    11 |   151 |   137 ||   299
       Pseudopods        |       |       |       |       |       |     2 |     4 ||     6
 Cast: Shock             |    93 |   102 |   231 |     3 |       |     1 |       ||   430
       Static Discharge  |     5 |    29 |    64 |    18 |     7 |     6 |       ||   129
       Airstrike         |       |       |    56 |   585 |   602 |   182 |       ||  1425
       Blink             |       |       |       |     3 |       |     1 |     1 ||     5
       Swiftness         |       |       |       |     1 |       |       |     1 ||     2
       Summon Lightning  |       |       |       |       |    98 |   128 |    20 ||   246
       Storm Form        |       |       |       |       |    17 |   101 |    95 ||   213
       Apportation       |       |       |       |       |       |     8 |       ||     8
       Manifold Assault  |       |       |       |       |       |    17 |   177 ||   194
       Maxwell's Capacit |       |       |       |       |       |       |    40 ||    40
Invok: Slimify           |       |       |       |       |     1 |       |     4 ||     5
 Abil: Blinkbolt         |       |       |       |       |     5 |    50 |    44 ||    99
Evoke: Wand              |       |       |     5 |    11 |     2 |     1 |     1 ||    20
       Condenser vane    |       |       |       |       |       |     1 |     4 ||     5
  Use: Potion            |       |       |     4 |    11 |       |     8 |    13 ||    36
       Scroll            |       |       |     1 |    34 |     2 |     7 |     9 ||    53
 Stab: Distracted        |       |       |       |       |     6 |    25 |     6 ||    37
       Held in net/web   |       |       |       |       |       |     1 |       ||     1
       Confused          |       |       |       |       |       |     1 |       ||     1
       Paralysed         |       |       |       |       |       |     1 |       ||     1
       Sleeping          |       |       |       |       |       |       |     6 ||     6
Armor: Skin              |       |       |     2 |    15 |    26 |   245 |    98 ||   386
Dodge: Dodged            |    10 |    52 |   109 |   307 |   571 |  2842 |  1542 ||  5433
